 Seeded DCSS version 0.30.0-15-g856e2d3f33 (webtiles) character file.

Game seed: 12735965570273765983 (custom seed)

11 Pimp the Ducker (level 2, 23/23 HPs)
             Began as a Merfolk Warper on May 19, 2023.
             Quit the game on level 1 of the Dungeon.
             The game lasted 00:01:19 (132 turns).

Pimp the Ducker (Merfolk Warper)                     Turns: 132, Time: 00:01:20

Health: 23/23      AC:  3    Str: 11    XL:     2   Next: 25%
Magic:  5/5        EV: 12    Int: 12    God:
Gold:   11         SH:  0    Dex: 13    Spells: 5/5 levels left

rFire   . . .        a - +0 spear
rCold   . . .        (no shield)
rNeg    . . .        b - +0 leather armour
rPois   .            (no helmet)
rElec   .            (no cloak)
rCorr   .            (no gloves)
SInv    .            (no boots)
Will    .....        (no amulet)
Stlth   +            (no ring)
HPRegen 0.23/turn    (no ring)
MPRegen 0.09/turn

%: no passive effects
@: no status effects
A: (nimble swimmer 2), mertail
a: no special abilities


You were on level 1 of the Dungeon.
You visited 1 branch of the dungeon, and saw 1 of its levels.

You collected 11 gold pieces.

Inventory:

Hand Weapons
 a - a +0 spear (weapon)
Missiles
 d - 7 boomerangs of dispersal (quivered)
Armour
 b - a +0 leather armour (worn)
Scrolls
 c - a scroll of blinking
 e - a scroll of acquirement
 f - a scroll of identify {unknown}
Potions
 g - a potion of degeneration {unknown}


   Skills:
 + Level 2.3 Fighting
 + Level 2.8 Polearms
 + Level 1.2 Throwing
 + Level 0.7 Armour
 + Level 2.9 Dodging
 + Level 2.1 Spellcasting
 + Level 2.5 Translocations


You had 5 spell levels left.
You didn't know any spells.
Your spell library contained the following spells:

 Spells                   Type           Power      Damage    Failure   Level
 Blink                    Tloc           14%        N/A       19%         2
 Lesser Beckoning         Tloc           14%        N/A       19%         2
 Teleport Other           Tloc           7%         N/A       36%         3
 Ensorcelled Hibernation  Hex/Ice        2%         N/A       47%         2
 Vhi's Electric Charge    Tloc/Air       8%         N/A       54%         3
 Spider Form              Tmut/Pois      1%         N/A       71%         3
 Manifold Assault         Tloc           7%         N/A       77%         4
 Anguish                  Hex/Necr       0%         N/A       98%         4


Dungeon Overview and Level Annotations

Branches:
Dungeon (1/15)

Altars:


Innate Abilities, Weirdness & Mutations

((You are very nimble when in or above water. (Stealth+, EV+, Speed+++)))
Your lower body shifts to a powerful aquatic tail in water.


Message History

You barely miss the jackal. The jackal bites you.
The jackal completely misses you.
You hit the jackal.
The jackal is heavily wounded.
The jackal bites you but does no damage.
You hit the jackal.
You kill the jackal!
You hit the goblin.
You kill the goblin!
You have reached level 2!
HP restored.
A rat comes into view.
A rat is nearby!
The rat bites you but does no damage.
You hit the rat.
You kill the rat!
A kobold comes into view. It is wielding a +0 short sword.
A kobold is nearby!
A kobold is nearby!
The kobold shouts!
A quokka comes into view.
You closely miss the kobold. The kobold closely misses you.
You hit the kobold.
You kill the kobold!
You see here a +0 short sword.
You hit the quokka.
The quokka is heavily wounded.
The quokka closely misses you. The quokka barely misses you.
You closely miss the quokka.
The quokka is heavily wounded.
The quokka barely misses you.
You hit the quokka.
You kill the quokka!
You see here a quokka corpse.
This is a scroll of acquirement!
You see here a book of Dreams.
Something appears at your feet!
You pick up a book of Dreams and begin reading...
You add the spells Ensorcelled Hibernation, Spider Form and Anguish to your library.
Unknown command.
Are you sure you want to abandon this character and quit the game? (Confirm with "yes".)

#..............#......
#....#..###.#.##.#.###
#......## #......#....
#.....## ############
#####.# #####)##
#......# #.###†.# ###
#@.# #.. #...# ##.#.
#.#... #.### #. ..#..
##.#. .. ..# #.# ....
##. #.# . ##.. #. .#
###.( #. .. #.... ###.


There were no monsters in sight!

Vanquished Creatures
  A goblin (D:1)
  4 jackals (D:1)
  A kobold (D:1)
  A quokka (D:1)
  A frilled lizard (D:1)
  A rat (D:1)
9 creatures vanquished.

Notes
Turn   | Place    | Note
-------+----------+-------------------------------------------
     0 | D:1      | Pimp the Merfolk Warper began the quest for the Orb.
     0 | D:1      | Reached XP level 1. HP: 16/16 MP: 3/3
    82 | D:1      | Reached XP level 2. HP: 19/22 MP: 5/5
   130 | D:1      | Identified 2 scrolls of acquirement
   130 | D:1      | Acquired a book of Dreams
   132 | D:1      | Quit the game

Illustrated notes

Levels and vault maps discovered:
D:1:      dpeg_arrival_long_road, layout_loops_cross, hex_tiny

Action                     || total
---------------------------++-------
  Melee: Spear             ||    27
    Use: Scroll            ||     1
 Armour: Leather armour    ||     9
  Dodge: Dodged            ||    23
